 Dungeon Crawl Stone Soup version 0.29-a0-319-gad05b8d819 (webtiles) character file.

Game seed: 15585698770669062885

1049 tilp the Skirmisher (level 8, -1/75 (80) HPs)
             Began as a Mayflytaur Wanderer on Apr 1, 2022.
             Slain by a gnoll
             ... wielding a +2 flail of protection
              (5 damage)
             ... on level 7 of the Dungeon.
             The game lasted 00:10:26 (1930 turns).

tilp the Skirmisher (Mayflytaur Wanderer)           Turns: 1930, Time: 00:10:27

HP:   -1/75 (80)    AC:  8    Str: 20    XL:     8   Next: 25%
MP:   9/9           EV: 13    Int: 11    God:
Gold: 50            SH:  0    Dex: 12    Spells: 6/7 levels left

rFire   . . .      SeeInvis .   a - +0 halberd (elec)
rCold   . . .      Faith    .   (shield currently unavailable)
rNeg    . . .      Spirit   .   l - +1 leather armour "Pacauc" {-Cast rCorr Slay+3}
rPois   .          Reflect  .   (no helmet)
rElec   .          Harm     .   (no cloak)
rCorr   +          Rampage  .   (no gloves)
Will    +....      NoCast   +   (no boots)
Stlth   ++........              (no amulet)
HPRegen 0.22/turn               y - +4 ring of protection
MPRegen 0.22/turn               (no ring)

@: flying, drained
A: damage resistance, big wings, sense surroundings 1, magic regeneration, short
lifespan
a: no special abilities


You were on level 7 of the Dungeon.
You visited 1 branch of the dungeon, and saw 7 of its levels.
You also visited: Bailey.

You collected 50 gold pieces.

Inventory:

Hand Weapons
 a - a +0 halberd of electrocution (weapon)
 b - a +0 whip of freezing
 f - a +0 dagger
 k - a +0 club
 p - a +0 whip
 t - a +1 halberd of draining
 z - a +0 mace
 B - a +2 halberd of draining
Missiles
 i - 2 javelins
 j - 44 stones
Armour
 c - a +0 buckler
 e - a +0 leather armour
 l - the +1 leather armour "Pacauc" (worn) {-Cast rCorr Slay+3}
   (You found it on level 6 of the Dungeon)

   Slay:      It affects your accuracy & damage with ranged weapons and melee
   (+3).
   -Cast:     It prevents spellcasting.
   rCorr:     It protects you from acid and corrosion.
 s - a +0 leather armour of cold resistance
 w - a +0 scale mail
Jewellery
 y - a +4 ring of protection (left hand)
Wands
 g - a wand of paralysis (4)
 q - a wand of iceblast (4)
Scrolls
 d - a scroll of vulnerability
 h - a scroll of silence
Potions
 m - a potion of magic
 n - a potion of flight
 o - 3 potions of mutation {unknown}
 r - a potion of lignification {unknown}
 u - a potion of curing {unknown}
 v - a potion of attraction {unknown}
 x - 2 potions of degeneration
 A - a potion of cancellation {unknown}
 C - a potion of might {unknown}


   Skills:
 + Level 7.6 Fighting
 - Level 4.0 Armour
 - Level 4.0 Dodging
 - Level 4.0 Stealth
 - Level 4.0 Shields
 - Level 4.0 Evocations


You had 6 spell levels left.
You knew the following spells:

 Your Spells              Type           Power      Damage    Failure   Level
a - Apportation           Tloc           0%         N/A       38%         1

Your spell library contained the following spells:

 Spells                   Type           Power      Damage    Failure   Level
 Animate Skeleton         Necr           0%         N/A       38%         1
 Slow                     Hex            0%         N/A       38%         1
 Summon Small Mammal      Summ           0%         N/A       38%         1
 Confusing Touch          Hex            0%         N/A       77%         3
 Vampiric Draining        Necr           0%         2d6       77%         3
 Iskenderun's Battlesphe  Conj           0%         2d6       100%        5
 Iron Shot                Conj/Erth      0%         9d1       100%        6
 Spellforged Servitor     Conj/Summ      0%         N/A       100%        7


Dungeon Overview and Level Annotations

Branches:
Dungeon (7/15)             Bailey (visited)
 Temple: D:4-7

Altars:


Innate Abilities, Weirdness & Mutations

You are resistant to damage.
Your large and strong wings let you fly.
You passively map a small area around you.
You regenerate magic rapidly.
You are easily found by Zot.


Message History

Okay, then.
You hit the orc priest but do no damage.
Lightning courses through the orc priest!
You kill the orc priest!
The orc hits you but does no damage. The orc closely misses you.
The gnoll closely misses you. The gnoll completely misses you.
Training target 4.0 for Dodging reached!
Your Dodging skill increases to level 4!
The orc hits you with a +0 hand axe. The orc misses you.
Things that are here:
a +0 dagger; a +0 chain mail; an orc corpse Unknown command.
The orc throws a boomerang.
The boomerang closely misses you. The orc attacks as you move away!
The orc closely misses you.
Unknown command.
Unknown command.
You puncture the orc!
You kill the orc!
The orc hits you with a +0 hand axe.
* * * LOW HITPOINT WARNING * * *
The gnoll closely misses you.
Unknown command.
You barely miss the orc. The orc hits you but does no damage.
The gnoll hits you but does no damage.
Unknown command.
You completely miss the orc. The orc hits you but does no damage.
The gnoll hits you from afar with a +0 halberd!
* * * LOW HITPOINT WARNING * * *
A scorpion comes into view.
The orc hits you but does no damage. The gnoll barely misses you.
Unknown command.
You puncture the orc!
You kill the orc!
The gnoll misses you.
Unknown command.
You slash the gnoll! Lightning courses through the gnoll!
You kill the gnoll!
The gnoll misses you.
The gnoll hits you with a +2 flail of protection.
You die...

#.....#.........###)#
##................#)#
#................)†.
##...##########..##.
#.g## , ,####.. ##))#
, #....# ##g)## #.#..
##.g### , #....
#...@.# ,, #....
##....# + #..### *
#....... , ... #
#.s........ , #
#..###....... , . * *
##. ####### * .. , ,
.. , ,


You could see a scorpion and 2 gnolls.

Vanquished Creatures
  Pikel (D:6)
  An orc warrior (D:7)
  An ogre (D:6)
  A phantom (D:4)
  A scorpion (D:7)
  2 orc priests (D:7)
  A hound (D:4)
  An iguana (D:6)
  An orc wizard (D:7)
  7 gnolls
  2 adders
  A shadow imp (D:6)
  A worm (D:5)
  19 orcs
  A bat (D:3)
  An endoplasm (D:1)
  2 giant cockroaches (D:3)
  4 jackals (D:3)
  2 kobolds
  3 ball pythons
  2 goblins
  2 rats (D:1)
57 creatures vanquished.

Notes
Turn   | Place    | Note
-------+----------+-------------------------------------------
     0 | D:1      | tilp the Mayflytaur Wanderer began the quest for the Orb.
     0 | D:1      | tilp set off with the following items: a +0 club, a scroll
                  | of silence, a +0 buckler, a scroll of vulnerability, a +0
                  | leather armour, a wand of acid (2)
     0 | D:1      | Reached XP level 1. HP: 21/21 MP: 2/2
   117 | D:2      | Reached XP level 2. HP: 27/28 MP: 3/3
   188 | D:2      | Glimpsed the power of Zot.
   211 | D:3      | Reached XP level 3. HP: 28/34 MP: 4/4
   374 | D:4      | Noticed a phantom
   394 | D:4      | Killed a phantom
   395 | D:4      | Reached skill level 4 in Fighting
   395 | D:4      | Reached XP level 4. HP: 24/44 MP: 5/5
   395 | D:4      | Reached XP level 5. HP: 27/50 MP: 6/6
   436 | D:5      | Entered Level 5 of the Dungeon
   547 | D:6      | Noticed an ogre
   552 | D:6      | Killed an ogre
   553 | D:6      | Gained mutation: You regenerate magic rapidly. [Mayflytaur
                  | growth]
   553 | D:6      | Reached XP level 6. HP: 10/60 MP: 7/7
   585 | D:6      | Reached skill level 5 in Fighting
   592 | D:6      | Learned a level 1 spell: Apportation
   841 | D:6      | Noticed Pikel
   875 | D:6      | Killed Pikel
   876 | D:6      | Reached skill level 6 in Fighting
   876 | D:6      | Reached XP level 7. HP: 33/70 MP: 8/8
   892 | D:6      | Identified the +1 leather armour "Pacauc" {-Cast rCorr
                  | Slay+3}
  1186 | D:7      | HP: 3/70 [orc warrior/+0 hand axe (12)]
  1190 | D:7      | Reached skill level 7 in Fighting
  1190 | D:7      | Reached XP level 8. HP: 5/80 MP: 9/9
  1206 | D:7      | Found a flagged portal.
  1367 | Bailey   | Entered a bailey
  1464 | Bailey   | Glimpsed the power of Zot.
  1546 | Bailey   | HP: 2/74 [orc/+0 halberd (4)]
  1854 | Bailey   | Glimpsed the power of Zot.
  1928 | D:7      | HP: 3/75 [gnoll/+0 halberd (6)]
  1930 | D:7      | Slain by a gnoll

Illustrated notes

Levels and vault maps discovered:
D:1:      dpeg_arrival_tiny_a, layout_rooms,
          hellmonk_ecumenical_altar_dog_temple
D:2:      minmay_roachtagon, layout_rooms, minmay_snake_closets
D:3:      layout_loops_ring, mrwooster_statue_mirror
D:4:      layout_cave_pools, mainiacjoe_overflow_divided_tiny, temple_statues,
          kennysheep_nub, uniq_edmund
D:5:      layout_loops_cross
D:6:      layout_basic, kennysheep_decorative_pillar,
          corexii_item_surrounded_by_moat, amcnicky_mini_corridor_feature,
          uniq_pikel, uniq_crazy_yiuf_cottage
D:7:      lemuel_bear_cage, layout_cave_pools, ebering_ghost_reflecting_pool,
          enter_bailey_6

Skill      XL: |  1  2  3  4  5  6  7  8 |
---------------+-------------------------+-----
Fighting       | 4 6 7 |  7.6
Armour         | 3 4 |  4.0
Shields        | 3 4 |  4.0
Evocations     | 4 |  4.0
Dodging        | 2 3 4 |  4.0
Stealth        | 3 4 |  4.0

Action                   |  1- 3 |  4- 6 |  7- 9 || total
-------------------------+-------+-------+-------++-------
Melee: Club              |    20 |       |       ||    20
       Dagger            |     7 |       |       ||     7
       Whip              |    25 |       |    74 ||    99
       Mace              |    42 |    55 |       ||    97
       Halberd           |       |       |    41 ||    41
 Cast: Apportation       |       |     1 |       ||     1
Evoke: Wand              |     2 |     2 |     2 ||     6
  Use: Scroll            |       |     6 |     1 ||     7
       Potion            |       |       |     2 ||     2
 Stab: Sleeping          |       |       |     6 ||     6
Armor: Leather armour    |    20 |     5 |    26 ||    51
       Scale mail        |       |    15 |     4 ||    19
Dodge: Dodged            |    55 |    24 |    80 ||   159
Block: Buckler           |    28 |    11 |    17 ||    56

Table legend: (Time is in decaauts)
 A = Elapsed time spent in this place.
 B = Non-inter-level travel time spent in this place.
 C = Inter-level travel time spent in this place.
 D = Time resting spent in this place.
 E = Time spent auto-exploring this place.
 F = Levels seen in this place.
 G = Mean time per level.
                   A        B        C        D        E       F      G
               +--------+--------+--------+--------+--------+-----+--------+
         Total |   2018 |   1904 |    114 |    463 |    250 |   8 |  252.2 |
       Dungeon |   1493 |   1379 |    114 |    159 |    250 |   7 |  213.3 |
        Bailey |    524 |    524 |      0 |    304 |      0 |   1 |  524.0 |
               +--------+--------+--------+--------+--------+-----+--------+

Top non-repeatable levels by time:
     D:6: 592 daAuts
  Bailey: 524 daAuts
     D:7: 316 daAuts
     D:3: 182 daAuts
     D:2: 151 daAuts
     D:5: 110 daAuts
     D:4: 74 daAuts
     D:1: 66 daAuts
